Map: Bel'Shir Vestige LE (Void)

Players

dallaskuken - Winner!

  • Race: Protoss Protoss
  • League: Platinum
  • Spawn Location: 11:00

Natiking

  • Race: Protoss Protoss
  • League: Diamond
  • Spawn Location: 5:00

VOD

Have the link to the VOD?

Description

Time

  • Played on: April 11, 2017, 4:01 p.m.
  • Length: 7:29
Show
View Real Time Build Order
Export as new Build Order

dallaskuken Protoss - Winner!

Build Orders:  

Get SALT Encoding   

  12  0:01  Probe (Chrono Boost)  
  13  0:11  Probe (Chrono Boost)  
  14  0:18  Pylon  
  14  0:22  Probe (Chrono Boost)  
  15  0:36  Probe (Chrono Boost)  
  15  0:39  Gateway  
  16  0:49  Probe (Chrono Boost)  
  17  0:55  Gateway  
  17  1:00  Pylon  
  17  1:04  Probe (Chrono Boost)  
  17  1:10  Assimilator  
  18  1:15  Probe (Chrono Boost)  
  19  1:27  Cybernetics Core  
  19  1:36  Probe (Chrono Boost)  
  20  1:41  Assimilator  
  21  1:47  Probe (Chrono Boost)  
  21  1:49  Warp Gate  
  21  1:58  Probe (Chrono Boost)  
  22  2:12  Stalker  
  25  2:16  Probe (Chrono Boost)  
  25  2:26  Pylon  
  25  2:27  Gateway  
  25  2:29  Gateway  
  25  2:31  Stalker  
  26  2:45  Zealot  
  28  2:57  Probe (Chrono Boost)  
  29  3:01  Stalker  
  31  3:09  Probe (Chrono Boost)  
  32  3:15  Stalker  
  32  3:16  Stalker  
  36  3:44  Pylon  
  36  4:02  Stalker x3  
  38  4:03  Stalker  
  38  4:28  Stalker x3  
  38  4:29  Stalker  
  46  4:32  Pylon  
  40  4:54  Stalker  
  40  4:55  Stalker x3  
  42  5:28  Robotics Facility  
  28  5:39  Stalker x2  
  28  5:40  Stalker  
  28  5:41  Forge  
  29  6:09  Stalker x3  
  35  6:14  Observer  
  35  6:26  Stalker  
  37  6:33  Stalker  
  37  6:34  Stalker  
  41  6:50  Observer  
  40  7:12  Stalker x2  
  44  7:16  Stalker  
Show
View Real Time Build Order
Export as new Build Order

Natiking Protoss 

Build Orders: Dark Templar Rush 

Get SALT Encoding   

  12  0:01  Probe (Chrono Boost)  
  13  0:11  Probe (Chrono Boost)  
  14  0:22  Probe (Chrono Boost)  
  14  0:25  Pylon  
  15  0:44  Probe (Chrono Boost)  
  15  0:46  Gateway  
  16  0:50  Assimilator  
  16  0:54  Probe (Chrono Boost)  
  17  0:59  Pylon  
  17  1:05  Probe (Chrono Boost)  
  18  1:15  Probe (Chrono Boost)  
  19  1:26  Probe (Chrono Boost)  
  20  1:34  Cybernetics Core  
  20  1:37  Zealot  
  20  1:38  Gateway  
  22  1:44  Probe (Chrono Boost)  
  23  1:50  Assimilator  
  23  1:56  Probe (Chrono Boost)  
  23  1:58  Warp Gate  
  23  2:01  Pylon  
  24  2:03  Zealot  
  27  2:09  Probe (Chrono Boost)  
  27  2:22  Pylon, Probe (Chrono Boost)  
  28  2:27  Stalker  
  30  2:34  Probe (Chrono Boost)  
  31  2:37  Stalker  
  33  2:49  Twilight Council  
  33  2:56  Stalker  
  35  3:03  Probe (Chrono Boost)  
  36  3:07  Zealot  
  38  3:21  Gateway  
  38  3:26  Zealot  
  39  3:49  Dark Shrine  
  38  4:15  Stalker x2  
  38  4:28  Zealot  
  36  4:44  Stalker x2  
  26  5:02  Dark Templar  
  26  5:09  Dark Templar x2  
  14  5:36  Probe (Chrono Boost)  
  13  5:47  Probe (Chrono Boost)  
  14  5:53  Pylon  
  14  5:54  Pylon  
  14  5:55  Pylon  
  14  5:57  Probe (Chrono Boost)  
  15  6:08  Probe (Chrono Boost)  
  16  6:14  Nexus  
  16  6:18  Probe (Chrono Boost)  
  17  6:29  Probe (Chrono Boost)  
  17  6:40  Probe (Chrono Boost)  
  17  6:50  Probe (Chrono Boost)  
  18  7:00  Stalker x3  
  20  7:11  Probe (Chrono Boost)  
Tags
 
Add a new tag
Caveats
  • Supply blocks, unpowered buildings, or Contaminate may cause inaccurate times.
  • Supply counts are checked every 10 seconds.